Map: Abyssal Reef LE

Players

Fastgun - Winner!

  • Race: Terran Terran
  • Spawn Location: 5:00

A.I. 1 (Harder)

  • Race: Terran Terran
  • Spawn Location: 11:00

VOD

Have the link to the VOD?

Description

Time

  • Played on: Jan. 9, 2018, 1 p.m.
  • Length: 18:06
Show
View Real Time Build Order
Export as new Build Order

Fastgun Terran - Winner!

Build Orders: MMM Bio 

Get SALT Encoding   

  12  0:03  SCV  
  13  0:15  SCV  
  13  0:18  Refinery  
  14  0:26  Supply Depot  
  14  0:30  SCV  
  15  0:48  SCV  
  16  0:51  Barracks  
  16  1:00  SCV  
  17  1:12  SCV  
  18  1:24  SCV  
  19  1:36  SCV  
  20  1:41  Marine  
  20  1:43  Factory  
  21  1:52  Supply Depot  
  21  1:54  Orbital Command  
  21  1:57  Refinery  
  21  1:59  Marine  
  22  2:22  Factory  
  22  2:31  Barracks Reactor  
  22  2:36  Factory Tech Lab  
  23  2:37  SCV  
  23  2:56  Siege Tank  
  26  3:02  Command Center  
  26  3:13  SCV  
  26  3:14  Starport  
  27  3:26  Marine x2, SCV  
  30  3:39  Supply Depot  
  30  3:42  Supply Depot  
  30  3:50  Marine  
  31  4:00  Marine  
  31  4:01  Medivac, Cyclone  
  37  4:10  Marine  
  39  4:18  Marine  
  39  4:19  Orbital Command  
  39  4:20  SCV  
  40  4:24  Siege Tank  
  40  4:27  Marine  
  44  4:32  SCV  
  44  4:36  Marine  
  46  4:45  Factory Tech Lab  
  46  4:56  SCV  
  47  5:03  Barracks  
  47  5:05  Siege Tank  
  50  5:17  Medivac  
  52  5:32  Hellion x2  
  56  5:35  Stimpack  
  56  5:44  Engineering Bay  
  56  5:45  Engineering Bay, SCV  
  56  5:47  SCV  
  58  5:59  SCV  
  58  6:02  Refinery, Barracks Tech Lab  
  58  6:03  Refinery  
  59  6:12  Starport Tech Lab  
  59  6:17  Terran Infantry Weapons Level 1  
  59  6:18  Terran Infantry Armor Level 1  
  59  6:21  SCV  
  60  6:30  Supply Depot x2  
  60  6:31  Supply Depot x2  
  60  6:33  Marine, SCV  
  60  6:35  Supply Depot  
  60  6:38  Supply Depot  
  62  6:51  Marine x2  
  62  6:52  Hellion x2, Siege Tank, SCV  
  72  7:04  SCV  
  73  7:09  Marine  
  73  7:10  Combat Shields  
  73  7:13  Marine  
  79  7:15  Hellion  
  79  7:16  Hellion  
  79  7:24  Siege Tank  
  79  7:27  Armory, Marine  
  79  7:28  SCV  
  84  7:31  Marauder  
  84  7:36  Concussive Shells, SCV  
  87  7:40  SCV  
  88  7:48  SCV  
  88  7:50  High Capacity Fuel Tanks  
  88  7:51  Medivac  
  91  7:53  SCV  
  91  7:55  Marauder  
  91  7:57  Hellion x2  
  98  8:00  Marauder  
  98  8:04  SCV  
  101  8:11  Supply Depot, Missile Turret  
  101  8:16  Missile Turret  
  101  8:17  SCV  
  102  8:21  Marauder  
  104  8:29  Medivac, SCV  
  107  8:37  Terran Infantry Weapons Level 2  
  107  8:38  Terran Infantry Armor Level 2  
  107  8:44  SCV  
  107  8:46  SCV  
  109  8:56  SCV  
  109  8:58  SCV  
  111  9:09  Sensor Tower  
  111  9:12  Cyclone x2  
  117  9:29  Supply Depot  
  117  9:37  Starport  
  117  9:50  Siege Tank  
  117  9:51  Marauder x2  
  124  9:54  Command Center  
  124  9:58  Cyclone  
  120  10:12  Marauder  
  91  10:53  Cyclone x2  
  91  10:54  Siege Tank  
  91  10:56  Starport Tech Lab  
  100  11:00  Command Center  
  100  11:03  SCV  
  101  11:09  Factory, Missile Turret  
  101  11:12  Supply Depot x2  
  101  11:13  Supply Depot  
  101  11:15  SCV  
  101  11:16  Supply Depot  
  102  11:18  SCV  
  103  11:26  Terran Vehicle Weapons Level 1  
  103  11:27  Medivac  
  103  11:28  Terran Infantry Weapons Level 3  
  103  11:29  Terran Infantry Armor Level 3  
  103  11:31  SCV  
  106  11:50  SCV x2  
  108  12:02  SCV x2  
  110  12:09  Factory Tech Lab  
  110  12:16  Cyclone x2  
  110  12:17  Medivac  
  110  12:18  Medivac  
  110  12:20  Siege Tank  
  123  12:26  Orbital Command  
  123  12:31  SCV x2  
  123  12:36  Siege Tank  
  128  12:43  SCV x2  
  130  12:55  SCV  
  96  14:53  Marine  
  96  14:56  Siege Tank x2  
  96  14:58  Cyclone x2  
  109  15:00  Medivac x2  
  113  15:10  Marine  
  113  15:12  Refinery  
  113  15:13  Refinery, SCV  
  115  15:20  Terran Vehicle And Ship Armor Level 1  
  115  15:26  SCV  
  116  15:28  Cyclone x2, Marine  
  116  15:30  Cyclone x2  
  116  15:31  Barracks  
  116  15:33  Barracks  
  116  15:34  Barracks  
  129  15:46  Marine  
  127  16:00  Cyclone x2  
  127  16:02  Cyclone x2  
  139  16:04  Marine  
  140  16:22  Marine  
  144  16:32  Cyclone  
  144  16:33  Cyclone  
  144  16:34  Cyclone x2  
  144  16:39  Marine  
  150  16:57  Marine  
  151  17:04  Cyclone  
  151  17:05  Cyclone  
  151  17:06  Cyclone x2  
  163  17:15  Marine  
  164  17:33  Marine  
Show
View Real Time Build Order
Export as new Build Order

A.I. 1 (Harder) Terran 

Build Orders: MMM Bio 

Get SALT Encoding   

  12  0:00  SCV  
  13  0:13  SCV  
  14  0:18  Supply Depot  
  14  0:25  SCV  
  15  0:40  SCV  
  16  0:43  Barracks  
  16  0:52  SCV  
  17  1:04  SCV  
  18  1:18  Command Center  
  18  1:32  Orbital Command, Marine  
  18  1:38  Supply Depot  
  19  1:45  Refinery  
  19  1:50  Marine  
  20  1:58  SCV  
  20  2:00  Barracks  
  21  2:09  Refinery, Marine  
  21  2:10  SCV  
  23  2:23  SCV  
  23  2:27  Supply Depot  
  23  2:28  Barracks Tech Lab  
  24  2:37  SCV  
  25  2:46  Marine  
  26  2:55  Refinery  
  26  2:57  Reaper  
  27  3:01  Refinery  
  27  3:08  Marine  
  28  3:13  SCV  
  28  3:17  SCV  
  30  3:21  Factory  
  30  3:25  Marine  
  31  3:33  SCV  
  33  3:34  SCV  
  33  3:40  Barracks Tech Lab  
  33  3:44  Marauder  
  33  3:45  SCV  
  33  3:46  SCV  
  37  3:55  Factory  
  37  3:57  SCV  
  37  4:00  SCV  
  39  4:05  Factory Tech Lab  
  39  4:10  Starport  
  39  4:19  Starport  
  39  4:25  Siege Tank  
  42  4:35  Reaper  
  43  4:38  Factory Tech Lab  
  43  4:47  Starport Tech Lab, Supply Depot  
  43  4:48  SCV  
  43  4:51  SCV  
  45  4:55  Starport Tech Lab  
  45  4:57  Siege Tank  
  45  4:59  Stimpack  
  48  5:00  SCV  
  48  5:02  Hellion  
  48  5:03  SCV  
  52  5:09  Combat Shields  
  52  5:12  SCV  
  53  5:15  SCV  
  54  5:22  Engineering Bay  
  54  5:24  SCV  
  54  5:27  SCV  
  56  5:34  Supply Depot  
  56  5:36  SCV  
  56  5:40  SCV  
  58  5:44  Marine  
  58  5:48  Terran Infantry Weapons Level 1, SCV  
  60  5:52  SCV  
  60  5:55  Marine  
  62  5:59  Supply Depot  
  62  6:01  SCV  
  62  6:04  SCV  
  64  6:06  Marauder  
  66  6:13  SCV  
  66  6:17  Marauder  
  69  6:21  SCV  
  69  6:24  Supply Depot  
  69  6:25  SCV  
  71  6:28  Reaper, Concussive Shells  
  72  6:33  SCV  
  72  6:38  Reaper  
  74  6:46  SCV x2  
  76  6:47  Supply Depot  
  76  6:49  Viking  
  78  6:58  SCV  
  78  7:00  Hellion  
  81  7:02  Missile Turret  
  81  7:05  Missile Turret  
  81  7:08  SCV  
  81  7:09  Missile Turret  
  81  7:11  Supply Depot, Hellion  
  81  7:14  Missile Turret  
  84  7:20  Sensor Tower  
  84  7:21  Siege Tank  
  87  7:25  Armory  
  87  7:28  Bunker  
  87  7:32  Raven, Siege Tank  
  87  7:33  Raven  
  87  7:34  Barracks  
  94  7:37  Supply Depot  
  94  7:39  Bunker  
  94  7:43  Terran Infantry Armor Level 1  
  94  7:53  Siege Tank  
  97  8:21  Barracks Reactor  
  97  9:10  Medivac x2, Marine  
  97  9:13  Marine  
  97  9:16  Marine  
  104  9:19  Marine  
  104  9:20  Factory, Terran Vehicle Weapons Level 1, Command Center  
  104  9:22  Supply Depot  
  105  9:25  Starport  
  105  9:28  Marine  
  105  9:31  Marine  
  107  9:32  Engineering Bay  
  107  9:34  Marine  
  107  9:36  Terran Infantry Weapons Level 2, Marine  
  109  9:44  Medivac, Raven  
  113  9:50  Ghost Academy  
  113  9:52  Supply Depot, Marauder  
  115  9:55  Marauder  
  115  9:57  Terran Infantry Armor Level 2  
  113  10:07  Factory Tech Lab, Starport Reactor, Fusion Core  
  113  10:10  Marine  
  113  10:13  Marauder, Marine  
  113  10:16  Marine  
  98  10:25  Armory  
  98  10:26  Supply Depot  
  98  10:28  Marine  
  98  10:31  Marine  
  98  10:32  SCV x2  
  98  10:33  SCV  
  98  10:35  Refinery, Siege Tank, Marauder x2  
  93  10:44  Siege Tank, SCV  
  93  10:46  SCV x2, Marine  
  93  10:47  Missile Turret  
  93  10:49  Marine  
  101  10:56  SCV, Missile Turret, Marauder, Marine  
  105  10:58  Refinery, SCV  
  106  11:12  Terran Vehicle And Ship Armor Level 1  
  106  11:15  Terran Ship Weapons Level 1  
  106  11:19  Bunker  
  106  12:25  Command Center  
  106  12:28  Ghost  
  106  12:29  Marine x3  
  111  12:47  Marine x3  
  114  12:57  Marine  
  115  13:04  Marine  
  115  13:05  Marine x2  
  90  13:16  Marauder  
  86  13:22  Marine x2  
  86  13:23  Marauder  
  90  13:37  Marine  
  90  13:40  Marine x2  
  93  13:44  Marine  
  93  13:45  Refinery  
  93  13:47  Missile Turret  
  94  13:51  Refinery  
  94  13:52  Raven  
  94  13:54  Raven, Marine  
  87  13:58  Marine x2  
  87  14:01  SCV  
  87  14:02  Marine  
  78  14:08  Medivac, SCV x2  
  78  14:09  SCV  
  72  14:12  Marine  
  72  14:13  SCV  
  72  14:14  Medivac  
  72  14:16  Marine x2  
  71  14:19  Marine  
  71  14:20  SCV  
  71  14:21  SCV  
  72  14:25  SCV  
  72  14:31  Marauder  
  67  14:33  SCV x2  
  67  14:34  Marine x2  
  67  14:35  Raven  
  67  14:37  Marine, SCV  
  67  14:38  Medivac  
  74  14:45  SCV x2  
  73  14:47  Raven  
  73  14:49  SCV  
  73  14:51  Marine x3  
  74  14:55  Marine  
  74  14:57  SCV x2  
  75  15:01  Armory, SCV  
  76  15:09  Marine x2, SCV  
  76  15:10  Marauder, SCV  
  76  15:13  Marine  
  76  15:14  SCV  
  83  15:18  Raven  
  82  15:21  SCV  
  82  15:22  SCV  
  82  15:26  SCV  
  82  15:27  Marine x2  
  86  15:31  Raven, Marine x2  
  86  15:33  SCV  
  86  15:34  SCV  
  89  15:38  SCV  
  88  15:45  SCV, Marine x2  
  88  15:46  SCV  
  88  15:49  Marauder x2  
  89  15:50  Refinery, SCV  
  81  15:57  SCV  
  81  15:59  SCV  
  81  16:01  Raven  
  81  16:03  Marine x2  
  86  16:05  SCV  
  86  16:10  Marine x2  
  88  16:14  SCV  
  86  16:18  SCV  
  86  16:20  Raven, Marine  
  86  16:21  Marine  
  86  16:25  SCV  
  79  16:28  Marine x2  
  79  16:30  Medivac, SCV  
  79  16:31  Hellion  
  73  16:34  Hellion  
  73  16:38  Marine x2  
  71  16:44  Viking  
  71  16:45  Marine  
  71  16:46  Marauder  
  65  16:53  Hellion  
  55  16:56  Hellion, Marine  
  55  16:59  Marine  
  45  17:03  Viking  
  45  17:04  Marauder, SCV  
  45  17:07  Marine  
  45  17:14  Medivac, Hellion  
  49  17:16  Marine  
  49  17:17  Hellion, SCV  
  49  17:18  SCV  
  48  17:25  Marauder x2  
  46  17:30  SCV  
  46  17:33  Viking  
  46  17:34  Marine  
  46  17:36  Hellion  
  37  17:39  Hellion  
  24  17:46  SCV, Marine x2  
Tags
 
Composition
MMM BioMMM Bio
Matchup
TvT
Race
Terran
Spawn Locations
Cross Positions
Add a new tag
Caveats
  • Supply blocks, unpowered buildings, or Contaminate may cause inaccurate times.
  • Supply counts are checked every 10 seconds.